 Dungeon Crawl Stone Soup version 0.32-a0-433-g08bcfe7efd (webtiles) character file.

Game seed: 17322544816480113377

6515 Dittersdorf the Fighter (level 11, -2/71 HPs)
             Began as a Gargoyle Fighter on Feb 22, 2024.
             Was an Initiate of Gozag.
             Incinerated by a deep elf pyromancer (15 damage)
             ... with a pyre arrow
             ... on level 8 of the Dungeon.
             The game lasted 00:10:17 (8778 turns).

Dittersdorf the Fighter (Gargoyle Fighter)          Turns: 8778, Time: 00:10:18

Health: -2/71      AC: 24    Str: 30    XL:     11   Next: 0%
Magic:  11/11      EV: 13    Int:  9    God:    Gozag
Gold:   1297       SH:  6    Dex:  9    Spells: 10/10 levels left

rFire   . . .        h - +7 mace "Xuthio" {venom, rC+ rCorr Stlth+}
rCold   + . .        c - +0 buckler
rNeg    + . .        o - +0 plate armour
rPois   ∞            (no helmet)
rElec   +            k - +1 cloak
rCorr   +            (no gloves)
SInv    .            (no boots)
Will    .....        (no amulet) Stlth
                     t - +5 ring of evasion
HPRegen 0.31/turn    b - +6 ring of strength
MPRegen 0.12/turn

%: no passive effects
@: on fire, gold aura, glowing
A: sickness immunity, AC +8, negative energy resistance 1, electricity
resistance, torment resistance 1, petrification resistance
a: Renounce Religion, Potion Petition, Call Merchant, Bribe Branch


You were on level 8 of the Dungeon.
You worshipped Gozag.
Gozag was most pleased with you.
You visited 2 branches of the dungeon, and saw 9 of its levels.
You also visited: Sewer.

You collected 1362 gold pieces.
You paid 65 gold pieces to Gozag.

Inventory:

Hand Weapons
 h - the +7 mace "Xuthio" (weapon) {venom, rC+ rCorr Stlth+}
   (You found it on level 2 of the Dungeon)

   rC+:       It protects you from cold.
   rCorr:     It protects you from acid and corrosion.
   Stlth+:    It makes you more stealthy.
 x - a +3 flail
Missiles
 f - a throwing net
 q - 2 curare-tipped darts (quivered)
Armour
 c - a +0 buckler (worn)
 k - a +1 cloak (worn)
 o - a +0 plate armour (worn)
Jewellery
 b - a +6 ring of strength (right hand)
 n - a ring of flight
 p - a ring of positive energy
 t - a +5 ring of evasion (left hand)
 u - a ring of ice
 y - a +6 ring of dexterity
Wands
 r - a wand of iceblast (14)
 A - a wand of flame (31)
Scrolls
 d - a scroll of identify
 l - 3 scrolls of teleportation
 m - 4 scrolls of fog
 s - 5 scrolls of enchant armour
 w - 2 scrolls of poison
Potions
 a - a potion of cancellation
 e - 4 potions of curing
 g - a potion of magic
 i - 4 potions of haste
 j - 3 potions of heal wounds
 v - a potion of brilliance
 z - a potion of resistance


   Skills:
 + Level 9.6 Fighting
 + Level 8.5 Maces & Flails
 + Level 9.6 Armour
 + Level 9.6 Shields


You had 10 spell levels left.
You didn't know any spells.
Your spell library contained the following spells:

 Spells                   Type           Power      Damage    Failure   Level
 Sting                    Conj/Alch      0%         1d3       97%         1
 Call Imp                 Summ           0%         N/A       99%         2
 Mercury Vapours          Alch/Air       0%         N/A       99%         2
 Ignite Poison            Fire/Alch      0%         N/A       100%        4
 Olgreb's Toxic Radiance  Alch           0%         N/A       100%        4
 Sticky Flame             Fire/Alch      0%         2d4       100%        4
 Summon Hydra             Summ           0%         N/A       100%        7
 Ignition                 Fire           0%         3d3       100%        8
 Sublimation of Blood     Necr           Unusable   N/A       N/A         2

Dungeon Overview and Level Annotations

Branches:
Dungeon (8/15)             Temple (1/1) D:6           Sewer (visited)
   Lair: D:8-11

Altars:
Ashenzari
Dithmenos
Elyvilon
Fedhas
Gozag
Kikubaaqudgha
Makhleb
Nemelex Xobeh
Okawaru
Qazlal
Ru
Sif Muna
Trog
Uskayaw
Vehumet
Wu Jian
Yredelemnul
Zin
The Shining One

Annotations:
Temple 2 transporters


Innate Abilities, Weirdness & Mutations

You are immune to sickness and miasma.
Your stone body is resilient. (AC +8)
You are immune to poison.
You resist negative energy. (rN+)
You are resistant to electric shocks. (rElec)
You are resistant to unholy torment.
You are immune to petrification.


Message History

The green ugly thing is heavily wounded.
The deep elf pyromancer hits you but does no damage.
The green ugly thing headbutts you!
You hit the green ugly thing.
The green ugly thing is heavily wounded.
You block the deep elf pyromancer's attack.
The green ugly thing headbutts you but does no damage.
You sock the green ugly thing!
The green ugly thing is severely wounded.
The deep elf pyromancer hits you but does no damage.
The green ugly thing headbutts you.
You hit the green ugly thing.
The green ugly thing is poisoned.
The green ugly thing is severely wounded.
The deep elf pyromancer hits you but does no damage.
The green ugly thing headbutts you but does no damage.
You closely miss the green ugly thing.
The green ugly thing is severely wounded.
The deep elf pyromancer hits you but does no damage.
The green ugly thing headbutts you!
You hit the green ugly thing.
The green ugly thing is almost dead.
The deep elf pyromancer casts a spell at you.
The pyre arrow hits you.
You are covered in intense liquid fire!
You sock the green ugly thing!
You kill the green ugly thing!
The liquid fire burns you! The deep elf pyromancer misses you.
You have reached level 11!
You hit the deep elf pyromancer.
The deep elf pyromancer is poisoned.
The deep elf pyromancer is lightly wounded.
The liquid fire burns you!
* * * LOW HITPOINT WARNING * * *
The deep elf pyromancer hits you with a +0 long sword of electrocution.
* * * LOW HITPOINT WARNING * * *
You sock the deep elf pyromancer!
The deep elf pyromancer is moderately wounded.
The liquid fire burns you!
You die...
Your body crumbles into a pile of gold.

#....# #....# #.!..#
#....# #####....#
....'..$.+ +.. #.$..#
#....# ####....# #....#
.#.....@.# #....
..'.....$e####(.. ###
###.......##....# ..#
##.....###....#### #.#
#.###.# #.......# #.#
.... #.# #.).....# #.##
....###.###.ß#ß...###...
............#?#...'...##
....###.....ß#ß...###.#.


You could see a deep elf pyromancer (very poisoned).

Vanquished Creatures
  Erica (D:7)
  Pikel (D:5)
  A deep elf pyromancer (D:7)
  An ugly thing (D:8)
  A rime drake (D:7)
  Psyche (D:8)
  A polar bear (D:7)
  A vampire mosquito (D:7)
  A steam dragon (D:7)
  Duvessa (D:6)
  Pargi (Sewer)
  7 ice beasts
  An orc warrior (D:7)
  A sky beast (D:7)
  2 black bears
  2 ogres
  2 wolves (D:7)
  A lemure (D:5)
  A phantom (D:7)
  A centaur (D:6)
  A kobold brigand (D:8)
  A brain worm (Sewer)
  A bullfrog (D:7)
  6 scorpions
  9 wights
  Dowan (D:6)
  3 killer bees (D:7)
  2 howler monkeys (D:8)
  A bombardier beetle (D:6)
  A gnoll bouda (D:6)
  6 orc priests
  4 hounds
  A sleepcap (D:6)
  An iguana (D:5)
  3 orc wizards
  4 gnolls (D:6)
  7 adders
  3 ribbon worms
  2 dart slugs
  30 orcs
  19 ball pythons
  4 bats
  4 endoplasms
  7 giant cockroaches
  8 goblins
  9 hobgoblins
  2 jackals (D:2)
  11 kobolds
  4 quokkas
  5 frilled lizards
  2 rats (D:2)
191 creatures vanquished.

Notes
Turn   | Place    | Note
-------+----------+-------------------------------------------
     0 | D:1      | Dittersdorf the Gargoyle Fighter began the quest for the
                  | Orb.
     0 | D:1      | Reached XP level 1. HP: 14/14 MP: 1/1
   107 | D:1      | Reached XP level 2. HP: 19/19 MP: 2/2
   721 | D:1      | Reached XP level 3. HP: 23/23 MP: 3/3
  1227 | D:2      | Found a faded altar of an unknown god.
  1242 | D:2      | Identified the +7 mace "Xuthio" {venom, rC+ rCorr Stlth+}
  1493 | D:2      | Reached XP level 4. HP: 29/29 MP: 4/4
  1968 | D:3      | You are sucked into a shaft and drop 3 floors!
  1975 | D:6      | Reached XP level 5. HP: 33/33 MP: 5/5
  2046 | D:6      | Reached XP level 6. HP: 35/39 MP: 6/6
  2048 | D:6      | Found a staircase to the Ecumenical Temple.
  2056 | Temple   | Found a transporter.
  2056 | Temple   | Found a transporter.
  2056 | Temple   | Found a transporter.
  2056 | Temple   | Found a transporter.
  2056 | Temple   | Entered the Ecumenical Temple
  2076 | Temple   | Became a worshipper of Gozag Ym Sagoz the Greedy
  2106 | D:5      | Entered Level 5 of the Dungeon
  2178 | D:5      | Found a glowing drain.
  2259 | Sewer    | Entered a sewer
  2339 | Sewer    | Noticed Pargi
  2345 | Sewer    | Killed Pargi
  2346 | Sewer    | Reached skill level 5 in Fighting
  2346 | Sewer    | Reached skill level 5 in Armour
  2346 | Sewer    | Reached skill level 5 in Shields
  2346 | Sewer    | Reached XP level 7. HP: 39/44 MP: 7/7
  2573 | D:4      | Noticed Pikel
  2603 | D:5      | Killed Pikel
  2604 | D:5      | Reached skill level 5 in Maces & Flails
  2604 | D:5      | Reached XP level 8. HP: 17/51 MP: 8/8
  2818 | D:3      | Found an ancient bone altar of Kikubaaqudgha.
  2855 | D:3      | Found a blossoming altar of Fedhas.
  3183 | D:3      | Found an ancient bone altar of Kikubaaqudgha.
  3187 | D:3      | Found a blossoming altar of Fedhas.
  4494 | D:4      | Found a burning altar of Makhleb.
  4882 | D:4      | Found a burning altar of Makhleb.
  5402 | D:5      | Found a sparkling altar of Nemelex Xobeh.
  5443 | D:5      | Found a shadowy altar of Dithmenos.
  6041 | D:5      | Found a sparkling altar of Nemelex Xobeh.
  6057 | D:5      | Found a shadowy altar of Dithmenos.
  6635 | D:6      | Noticed Dowan
  6636 | D:6      | Found a shimmering blue altar of Sif Muna.
  6642 | D:6      | Killed Dowan
  6647 | D:6      | Noticed Duvessa
  6662 | D:6      | Killed Duvessa
  6663 | D:6      | Reached XP level 9. HP: 26/57 MP: 9/9
  6772 | D:6      | Found a bloodstained altar of Trog.
  7400 | D:7      | Noticed a deep elf pyromancer
  7409 | D:7      | Killed a deep elf pyromancer
  7673 | D:8      | Noticed Erica
  7673 | D:8      | Noticed a polar bear
  7673 | D:8      | Noticed a rime drake
  7776 | D:7      | Reached XP level 10. HP: 41/64 MP: 10/10
  7882 | D:7      | Killed Erica
  8692 | D:8      | Noticed Psyche
  8700 | D:8      | Killed Psyche
  8756 | D:8      | Noticed a deep elf pyromancer
  8758 | D:8      | Noticed a green ugly thing
  8776 | D:8      | Killed a green ugly thing
  8777 | D:8      | Reached XP level 11. HP: 29/71 MP: 11/11
  8778 | D:8      | Incinerated by a deep elf pyromancer

Illustrated notes

Levels and vault maps discovered:
D:1:      nicolae_arrival_memento_mori, layout_basic, nrook_mini_backslash,
          hex_tiny, item_on_display_a
D:2:      layout_basic, serial_glass, glass_columns_c, glass_columns_c,
          hellmonk_ecumenical_altar_zigzags
D:3:      layout_rooms, grunt_temple_overflow_growth_and_decay
D:4:      layout_cave_pods, kennysheep_small_circle, uniq_pikel
D:5:      layout_loops_cross, nicolae_dithmenos_through_a_glass_darkly,
          lemuel_crystal_altar, cheibrodos_sewer_entry_drain,
          saegor_snake_ambush
D:6:      layout_loops_ring, nzn_overflow_gifts_of_might_and_magic,
          minmay_temple_entry_mist, minmay_misc_feat_diagonals
D:7:      layout_rooms, nicolae_elevator_lobby_asterisk
D:8:      layout_basic, mainiacjoe_overflow_paths, hellmonk_lair_entry_icy,
          minivault_22, minmay_misc_feat_columns, minmay_statues_item,
          kb_rosetta, uniq_erica, uniq_psyche
Temple:   hellmonk_temple_divided_pantheon

Skill      XL: |  1  2  3  4  5  6  7  8  9 10 |
---------------+-------------------------------+-----
Fighting       | 4 5 6 7 8 9 |  9.6
Shields        | 4 5 6 7 8 9 |  9.6
Armour         | 4 5 6 7 8 9 |  9.6
Maces & Flails | 3 4 5 6 7 8 |  8.5

Action                     |  1- 3 |  4- 6 |  7- 9 | 10-12 || total
---------------------------+-------+-------+-------+-------++-------
  Melee: Flail             |   112 |       |       |       ||   112
         Mace              |     6 |   107 |   200 |   163 ||   476
  Throw: Dart              |       |       |       |     2 ||     2
    Use: Scroll            |       |     8 |    10 |     1 ||    19
         Potion            |       |       |     1 |       ||     1
   Stab: Distracted        |       |       |     1 |     1 ||     2
 Armour: Scale mail        |   109 |    78 |     9 |       ||   196
         Chain mail        |       |       |    90 |       ||    90
         Plate armour      |       |       |    69 |   125 ||   194
  Dodge: Dodged            |    86 |    44 |   106 |    92 ||   328
  Block: Buckler           |    34 |    19 |    48 |    56 ||   157

Table legend: (Time is in decaauts)
 A = Elapsed time spent in this place.
 B = Non-inter-level travel time spent in this place.
 C = Inter-level travel time spent in this place.
 D = Time resting spent in this place.
 E = Time spent auto-exploring this place.
 F = Levels seen in this place.
 G = Mean time per level.
                   A        B        C        D        E       F      G
               +--------+--------+--------+--------+--------+-----+--------+
         Total |   8932 |   8490 |    442 |   1140 |   5466 |  10 |  893.2 |
       Dungeon |   8656 |   8214 |    442 |   1040 |   5458 |   8 | 1082.0 |
        Temple |     36 |     36 |      0 |      0 |      0 |   1 |   36.0 |
         Sewer |    239 |    239 |      0 |    100 |      8 |   1 |  239.0 |
               +--------+--------+--------+--------+--------+-----+--------+

Top non-repeatable levels by time:
     D:5: 1674 daAuts
     D:4: 1634 daAuts
     D:3: 1202 daAuts
     D:7: 1150 daAuts
     D:1: 1024 daAuts
     D:6: 784 daAuts
     D:2: 776 daAuts
     D:8: 409 daAuts
   Sewer: 239 daAuts
  Temple: 36 daAuts
